 Dungeon Crawl Stone Soup version 0.30-a0-883-g5ad918d77d (webtiles) character file.

Game seed: 6012444603544911098

25 Pimp the Shield-Bearer (level 3, 0/30 HPs)
             Began as a Formicid Fighter on Mar 15, 2023.
             Slain by Crazy Yiuf
             ... wielding a +2 quarterstaff of chaos
              (10 damage)
             ... on level 2 of the Dungeon.
             The game lasted 00:02:46 (1104 turns).

Pimp the Shield-Bearer (Formicid Fighter)           Turns: 1104, Time: 00:02:47

Health: 0/30       AC:  6    Str: 22    XL:     3   Next: 20%
Magic:  3/3        EV:  9    Int:  7    God:
Gold:   1193       SH:  5    Dex: 13    Spells: 2/2 levels left

rFire   . . .      SeeInvis +    j - +0 broad axe
rCold   . . .      Faith    .    c - +0 buckler
rNeg    . . .      Spirit   .    b - +0 scale mail
rPois   .          Reflect  .    (helmet unavailable)
rElec   .          Rampage  .    (no cloak)
rCorr   .                        (no gloves)
Will    .....                    (no boots) Stlth
                                 (no amulet)
HPRegen 0.25/turn                (no ring)
MPRegen 0.08/turn                (no ring)

@: no status effects
A: permanent stasis, dig shafts and tunnels, antennae 3, four strong arms
a: Dig, Shaft Self


You were on level 2 of the Dungeon.
You visited 1 branch of the dungeon, and saw 2 of its levels.

You collected 1193 gold pieces.

Inventory:

Hand Weapons
 a - a +0 war axe
 j - a +0 broad axe (weapon)
Missiles
 g - a throwing net
Armour
 b - a +0 scale mail (worn)
 c - a +0 buckler (worn)
Scrolls
 h - a scroll of identify
Potions
 d - a potion of might
 e - a potion of flight {unknown}
 f - a potion of berserk rage {unknown}
 i - a potion of brilliance {unknown}
 l - a potion of lignification {unknown}


   Skills:
 * Level 3.7 Fighting
 * Level 2.4 Axes
 + Level 3.5 Armour
 + Level 0.2 Dodging
 + Level 4.3 Shields
 + Level 0.2 Spellcasting


You had 2 spell levels left.
You didn't know any spells.
Your spell library was empty.

Dungeon Overview and Level Annotations

Branches:
Dungeon (2/15)

Altars:

Annotations:
D:2 Crazy Yiuf


Innate Abilities, Weirdness & Mutations

You cannot be hasted, slowed, berserked, paralysed or teleported.
You can dig through walls and to a lower floor.
You have a pair of large antennae on your head. (SInv)
Your four strong arms can wield two-handed weapons with a shield.


Message History

The bat hits you but does no damage.
Found 11 gold pieces.
The bat hits you but does no damage.
You barely miss the bat. You block the bat's attack.
The bat hits you but does no damage.
You closely miss the bat. You block the bat's attack.
The bat hits you but does no damage. The bat hits you but does no damage.
The bat hits you but does no damage. You block the bat's attack.
The bat barely misses you.
You hit the bat.
You kill the bat!
You now have 1193 gold pieces (gained 11).
A quokka comes into view.
A quokka is nearby!
The quokka misses you.
You miss the quokka. You block the quokka's attack. The quokka bites you.
You closely miss the quokka.
The quokka bites you but does no damage. x2
You slash the quokka!
You kill the quokka!
Found a hammer.
Found a runed translucent door.
Crazy Yiuf shouts!
You sense a monster nearby.
You open the door. You hit Crazy Yiuf.
Crazy Yiuf is lightly wounded.
Crazy Yiuf misses you.
Crazy Yiuf yells, "Seed meccalolo verde!"
Crazy Yiuf hits you with a +2 quarterstaff of chaos!
Crazy Yiuf freezes you.
You closely miss Crazy Yiuf.
Crazy Yiuf is lightly wounded.
Crazy Yiuf hits you with a +2 quarterstaff of chaos.
Crazy Yiuf burns you.
* * * LOW HITPOINT WARNING * * *
You hit Crazy Yiuf but do no damage.
Crazy Yiuf is lightly wounded.
Crazy Yiuf hits you with a +2 quarterstaff of chaos!
You die...

#....###....####........#
#....# ##..## #.########
######'# ♣PP..♣
#........# #....#.#
♣.P.♣♣ #......#.#
#.##.#.# ♣♣.♣♣ #.#....#.#
#.##.#.# ♣.♣♣ #..<...#.#
#.#..#.# ♣♣.♣ #.#....#.#
#.#.##.# ♣.♣♣
#.#....#.### #......#
♣♣@♣ #.#........#
#.#.##.# #g# #.#..###..##
#.#....# ... #.#..##8..8#
#.#.#..# #...#
#.#.....>... #.#.####
#..)# #.#..#...... #.#.#
##### #.#. ##8..8# #<#.#
#.# ###..## ###.#
#####.####.#.## #.#
#..........#.###


You could see Crazy Yiuf.

Vanquished Creatures
  A worm (D:2)
  A dart slug (D:1)
  A ball python (D:2)
  An endoplasm (D:1)
  2 giant cockroaches
  A goblin (D:2)
  3 hobgoblins (D:1)
  A quokka (D:2)
  2 bats
  2 frilled lizards (D:1)
  2 kobolds
  2 rats
19 creatures vanquished.

Notes
Turn   | Place    | Note
-------+----------+-------------------------------------------
     0 | D:1      | Pimp the Formicid Fighter began the quest for the Orb.
     0 | D:1      | Reached XP level 1. HP: 18/18 MP: 1/1
   351 | D:1      | Reached XP level 2. HP: 24/24 MP: 2/2
   836 | D:2      | Reached XP level 3. HP: 14/30 MP: 3/3
   898 | D:2      | Identified a scroll of acquirement
   899 | D:2      | Acquired 1132 gold pieces
  1097 | D:2      | Found a runed translucent door.
  1098 | D:2      | Noticed Crazy Yiuf
  1104 | D:2      | Slain by Crazy Yiuf

Illustrated notes

Levels and vault maps discovered:
D:1:      scummos_arrival_gate, layout_basic
D:2:      layout_basic, st_stairs_6, minmay_pentomino_o2, uniq_terence,
          uniq_crazy_yiuf_cottage, uniq_robin

Action                     || total
---------------------------++-------
  Melee: War axe           ||    22
         Broad axe         ||    48
    Use: Scroll            ||     5
 Armour: Scale mail        ||    25
  Dodge: Dodged            ||    44
  Block: Buckler           ||    16

Table legend: (Time is in decaauts)
 A = Elapsed time spent in this place.
 B = Non-inter-level travel time spent in this place.
 C = Inter-level travel time spent in this place.
 D = Time resting spent in this place.
 E = Time spent auto-exploring this place.
 F = Levels seen in this place.
 G = Mean time per level.
                   A        B        C        D        E       F      G
               +--------+--------+--------+--------+--------+-----+--------+
         Total |   1137 |   1135 |      2 |    216 |    682 |   2 |  568.5 |
       Dungeon |   1137 |   1135 |      2 |    216 |    682 |   2 |  568.5 |
               +--------+--------+--------+--------+--------+-----+--------+

Top non-repeatable levels by time:
     D:1: 683 daAuts
     D:2: 453 daAuts
